 Dungeon Crawl Stone Soup version 0.21.1-1-g345015f (webtiles) character file.

111 Monsterracer the Conjurer (level 4, -3/27 HPs)
             Began as an Octopode Conjurer on May 11, 2018.
             Slain by Aelig's ghost (6 damage)
             ... on level 3 of the Dungeon.
             The game lasted 00:03:16 (3067 turns).

Monsterracer the Conjurer (Octopode Conjurer)       Turns: 3067, Time: 00:03:17

Health: -3/27      AC:  1    Str:  7    XL:     4   Next: 92%
Magic:  0/8        EV: 13    Int: 23    God:
Gold:   32         SH:  0    Dex: 12    Spells: 2/9 levels left

rFire    . . .     SeeInvis .   n - +1 falchion (holy)
rCold    . . .     Gourm    .   (no shield)
rNeg     . . .     Faith    .   (helmet restricted)
rPois    .         Spirit   .   (no amulet)
rElec    .         Reflect  .   (no ring)
rCorr    .         Harm     .   (no ring)
MR       +....                  (no ring)
Stlth    +++.......             (no ring)
HPRegen  0.09/turn              (no ring)
MPRegen  0.11/turn              (no ring)
                                (no ring)
                                (no ring)

@: brilliant, lethally poisoned (-3 -> -27)
A: almost no armour, stealthy swim, amphibious, 8 rings, constrict 8, antennae
1, camouflage 1, magic resistance 1, screaming 1, gelatinous body 1
a: no special abilities


You were on level 3 of the Dungeon.
You were not hungry.

You visited 1 branch of the dungeon, and saw 3 of its levels.

You collected 32 gold pieces.

Inventory:

Hand Weapons
 n - a +1 falchion of holy wrath (weapon)
Armour
 h - a +0 buckler
Jewellery
 i - an uncursed ring of ice
Wands
 d - a wand of iceblast (10)
Scrolls
 e - a scroll of amnesia {unknown}
 f - a scroll of fog {unknown}
 j - a scroll of magic mapping {unknown}
 k - 2 scrolls of teleportation {unknown}
 l - a scroll of remove curse {unknown}
 m - a scroll of enchant weapon {unknown}
 o - a scroll of identify {unknown}
Potions
 g - a potion of haste {unknown}
Books
 c - a book of Conjurations

   Spells                             Type                      Level
   a - Magic Dart                     Conjuration                  1
   b - Searing Ray                    Conjuration                  2
   c - Dazzling Spray                 Conjuration/Hexes            3
   d - Fulminant Prism                Conjuration/Hexes            4
   e - Force Lance                    Conjuration/Translocation    4
   f - Iskenderun's Mystic Blast      Conjuration                  4
Comestibles
 b - 5 rations


   Skills:
 - Level 2.0 Dodging
 - Level 2.6 Stealth
 + Level 3.0 Spellcasting
 * Level 5.5 Conjurations


You had 2 spell levels left.
You knew the following spells:

 Your Spells              Type           Power        Failure   Level  Hunger
a - Magic Dart            Conj           ####         1%          1    None
b - Searing Ray           Conj           #####.       1%          2    ##.....
d - Iskenderun's Mystic   Conj           #####...     1%          4    ####...


Dungeon Overview and Level Annotations

Branches:
Dungeon (3/15)

Altars:

Annotations:
D:3 Aelig's ghost, novice KoAr; Grinder; Terence


Innate Abilities, Weirdness & Mutations

You cannot wear most types of armour.
You are very stealthy in the water. (Stealth+)
You are amphibious.
You can wear up to eight rings at the same time.
You can use your tentacles to constrict eight enemies at once.
Your skin changes colour to match your surroundings (Stealth+).
Your rubbery body absorbs attacks. (AC +1, EV +1)
You have a pair of small antennae on your head.
You are resistant to hostile enchantments. (MR+)
You occasionally shout uncontrollably at your foes.


Message History

a - 2 chunks of flesh You see here a club. x2
Eating one of 2 chunks of flesh.
You eat one of the 2 chunks of flesh.
This raw flesh tastes terrible.
A frilled lizard comes into view.
Found a scroll labeled TIJUERISHI.
A frilled lizard is nearby!
Casting: Magic Dart
Confirm with . or Enter, or press ? or * to list all spells.
Aiming: Magic Dart
Press: ? - help, Shift-Dir - straight line, f - frilled lizard
Aim: a frilled lizard (hasn't noticed you)
The magic dart hits the frilled lizard.
You kill the frilled lizard!
You now have 7/8 mp.
Casting: Magic Dart
Confirm with . or Enter, or press ? or * to list all spells.
You can't see any susceptible monsters within range! (Use Z to cast anyway.) Unknown command.
Casting: Magic Dart
Confirm with . or Enter, or press ? or * to list all spells.
You can't see any susceptible monsters within range! (Use Z to cast anyway.) Unknown command.
Found a stone staircase leading down.
MP restored: 8
o - a scroll labeled TIJUERISHI A leopard gecko comes into view.
You shout at the leopard gecko!
The leopard gecko hisses angrily.
The leopard gecko moves out of view.
You sense a monster nearby.
Casting: Magic Dart
Confirm with . or Enter, or press ? or * to list all spells.
Aiming: Magic Dart
Press: ? - help, Shift-Dir - straight line, f - leopard gecko
Aim: a leopard gecko The magic dart hits the leopard gecko.
The leopard gecko is moderately wounded.
You now have 7/8 mp.
Casting: Magic Dart
Confirm with . or Enter, or press ? or * to list all spells.
Aiming: Magic Dart
Press: ? - help, Shift-Dir - straight line, f/p - leopard gecko
Aim: a leopard gecko (moderately wounded, clinging)
The magic dart hits the leopard gecko.
You kill the leopard gecko!
You now have 6/8 mp.
Eating a chunk of flesh.
You eat the chunk of flesh.
This raw flesh tastes terrible.
a - a fizzy emerald potion MP restored: 8 Unknown command.
Casting: Magic Dart
Confirm with . or Enter, or press ? or * to list all spells.
You can't see any susceptible monsters within range! (Use Z to cast anyway.) Unknown command.
Found a stone staircase leading up.
There is a stone staircase leading down here.
You open the door.
Casting: Magic Dart
Confirm with . or Enter, or press ? or * to list all spells.
Aiming: Magic Dart
Press: ? - help, Shift-Dir - straight line, f - Aelig's ghost
Aim: Aelig's ghost, wielding a weapon of venom (hasn't noticed you)
The magic dart hits Aelig's ghost.
Aelig's ghost is lightly damaged.
You now have 7/8 mp.
Casting: Magic Dart
Confirm with . or Enter, or press ? or * to list all spells.
Aiming: Iskenderun's Mystic Blast
Press: ? - help, Shift-Dir - straight line, f/p - Aelig's ghost
Aim: Aelig's ghost, wielding a weapon of venom (lightly damaged)
The orb of energy hits Aelig's ghost.
Aelig's ghost is heavily damaged.
You now have 3/8 mp.
Casting: Iskenderun's Mystic Blast
Confirm with . or Enter, or press ? or * to list all spells.
Aiming: Searing Ray
Press: ? - help, Shift-Dir - straight line, f/p - Aelig's ghost
Aim: Aelig's ghost, wielding a weapon of venom (heavily damaged)
The searing ray misses Aelig's ghost. (Press . to maintain the ray.)
You now have 3/8 mp.
The searing ray misses Aelig's ghost.
Aelig's ghost hits you!
You are poisoned.
You take 8 damage, and have 19/27 hp.
MASSIVE DAMAGE!!
You now have 2/8 mp.
The searing ray hits Aelig's ghost.
Aelig's ghost is heavily damaged.
You feel sick. Aelig's ghost hits you.
You take 4 damage, and have 15/27 hp.
You now have 1/8 mp.
The searing ray misses Aelig's ghost.
You finish channeling your searing ray.
You feel sick. Aelig's ghost hits you!
* * * LOW HITPOINT WARNING * * *
You are more poisoned.
You take 10 damage, and have 5/27 hp.
MASSIVE DAMAGE!!
You now have 0/8 mp.
It was a potion of brilliance.
You feel clever all of a sudden.
* * * LOW HITPOINT WARNING * * *
You feel sick. Aelig's ghost hits you.
You die...

................>#.#
.......#.........#.#
########.#######.#.###
#...............#
#.#.#######.#.#.#
#.#.#.....#.#.#.#
#.#.#.....#.#.#.#
#.#.......#.#.#.#
######.###..#..#@#)#.#
.......#<......#W#.#.#
##########.###.#.#.#.#
..# #.# #.#.#.#.#
..########.###.#.#.#.#
..##....##.....#.#.#.#
..##....########.#.#.#
........'....W...#.#.#
..#.....##########.#.#


You could see Aelig's ghost.

Vanquished Creatures
  3 adders
  4 oozes
  A worm (D:2)
  A dart slug (D:3)
  3 leopard geckos
  A ball python (D:1)
  3 giant cockroaches
  5 goblins
  10 hobgoblins
  2 jackals (D:2)
  7 kobolds
  A quokka (D:2)
  7 bats
  3 frilled lizards
  8 rats
59 creatures vanquished.

Notes
Turn   | Place    | Note
-------+----------+-------------------------------------------
     0 | D:1      | Monsterracer the Octopode Conjurer began the quest for the Orb.
     0 | D:1      | Reached XP level 1. HP: 11/11 MP: 3/3
    87 | D:1      | Reached XP level 2. HP: 11/17 MP: 0/5
   342 | D:1      | Learned a level 2 spell: Searing Ray
   590 | D:1      | Reached XP level 3. HP: 21/21 MP: 1/6
  1477 | D:2      | Reached skill level 5 in Conjurations
  1480 | D:2      | HP: 10/21 [poisoned by an adder]
  1485 | D:2      | HP: 7/21 [poisoned by an adder]
  1492 | D:2      | HP: 5/21 [poisoned by an adder]
  1494 | D:2      | Gained mutation: You occasionally shout uncontrollably at your foes. [potion of mutation]
  1494 | D:2      | Gained mutation: You have a pair of small antennae on your head. [potion of mutation]
  1494 | D:2      | Gained mutation: You are resistant to hostile enchantments. (MR+) [potion of mutation]
  1497 | D:2      | Reached XP level 4. HP: 7/27 MP: 2/8
  1501 | D:2      | HP: 6/40 [poisoned by an adder]
  1508 | D:2      | HP: 3/27 [poisoned by an adder]
  1829 | D:2      | Learned a level 4 spell: Iskenderun's Mystic Blast
  2576 | D:3      | Noticed Grinder
  2582 | D:3      | Noticed Terence
  2738 | D:3      | Noticed Aelig's ghost (novice KoAr)
  3066 | D:3      | HP: 5/27 [Aelig's ghost (9)]
  3067 | D:3      | Slain by Aelig's ghost

Skill      XL: |  1  2  3  4 |
---------------+-------------+-----
Conjurations   | 5 |  5.5
Spellcasting   | 3 |  3.0
Dodging        | |  2.0
Stealth        | |  2.6

Action                   |  1- 3 |  4- 6 || total
-------------------------+-------+-------++-------
Melee: Unarmed           |     3 |       ||     3
       Tentacles         |     4 |     1 ||     5
       Spear             |     4 |     9 ||    13
       Constrict         |     2 |     2 ||     4
 Cast: Magic Dart        |    64 |    60 ||   124
       Iskenderun's Myst |       |     2 ||     2
       Searing Ray       |       |     1 ||     1
  Use: Potion            |     2 |     1 ||     3
  Eat: Chunk             |     2 |     5 ||     7
Armor: Skin              |     3 |     1 ||     4
Dodge: Dodged            |     8 |     7 ||    15

Vault maps used:
D:1:      erik_arrival_gehennom, minmay_pentomino_p4
D:2:      kennysheep_generic_room_4
D:3:      uniq_grinder, uniq_terence
